Workbook
Name apellidos_autoridad: 'Datos de la postulación'!$C$44
Name apellidos_director: 'Datos de la postulación'!$C$16
Name apellidos_postulante: 'Datos postulante'!$C$5
Name Becario_a_doctoral_CIC: 'Datos internos'!$I$32:$I$36
Name cargo_autoridad: 'Datos de la postulación'!$C$46
Name categorias_beneficiarios: 'Datos internos'!$D$32:$J$38
Name categorias_postulacion: 'Datos internos'!$B$12:$B$13
Name categorias_programa_incentivos: 'Datos internos'!$A$47:$A$52
Name centros_multiples: 'Datos internos'!$C$68:$C$85
Name centros_propios_cic: 'Datos internos'!$A$68:$A$74
Name comisiones_asesoras: 'Datos internos'!$B$17:$B$24
Name condicion_nacionalidad: 'Datos internos'!$C$121:$C$122
Name datos_requeridos_por_tipo_de_beneficiario: 'Datos internos'!$D$26:$J$30
Name datos_solapa_cronograma: 'Etapas del plan de trabajo'!#REF!
Name datos_solapa_datos_de_la_postulacion: 'Datos de la postulación'!$C$3:$C$47
Name datos_solapa_datos_postulante: 'Datos postulante'!$C$5:$C$144
Name datos_solapa_etapas_del_plan_de_trabajo: 'Etapas del plan de trabajo'!$A$5:$F$19
Name datos_solapa_plan_de_trabajo: 'Plan de trabajo'!$C$3:$H$62
Name dedicaciones_universitarias: 'Datos internos'!$A$42:$A$43
Name email_regexp: 'Datos internos'!$B$3
Name generos: 'Datos internos'!$A$56:$A$58
Name institucion_autoridad: 'Datos de la postulación'!$C$47
Name Investigador_a_CIC: 'Datos internos'!$D$32:$D$36
Name Investigador_a_CONICET: 'Datos internos'!$F$32:$F$36
Name Investigador_asociado_CIC_INAS: 'Datos internos'!$E$32:$E$36
Name Investigador_docente_de_universidad_con_asiento_en_PBA: 'Datos internos'!$G$32:$G$35
Name lineas_priorizadas: 'Datos internos'!$B$68:$B$73
Name lineas_priorizadas_ambiente: 'Datos internos'!$A$92:$A$111
Name lineas_priorizadas_desarrollo_de_la_comunidad: 'Datos internos'!$B$92:$B$100
Name lineas_priorizadas_industria_y_produccion: 'Datos internos'!$B$78:$B$87
Name lineas_priorizadas_salud: 'Datos internos'!$A$78:$A$84
Name lineas_priorizadas_seguridad: 'Datos internos'!$B$104:$B$108
Name lineas_priorizadas_trabajo: 'Datos internos'!$B$112:$B$117
Name lineas_tematicas: 'Datos internos'!$A$62:$A$64
Name lista_vacia: 'Datos internos'!$D$50
Name nombre_completo_convocatoria: 'Datos internos'!$B$7
Name nombre_convocatoria: 'Datos internos'!$B$5
Name nombres_autoridad: 'Datos de la postulación'!$C$45
Name nombres_director: 'Datos de la postulación'!$C$17
Name nombres_postulante: 'Datos postulante'!$C$6
Name Personal_de_apoyo_CIC: 'Datos internos'!$J$32:$J$38
Name presenta_codirector: 'Datos internos'!$B$8
Name provincias: 'Datos internos'!$A$12:$A$35
Name subcategorias_profesional: 'Datos internos'!$A$121:$A$123
Name subcategorias_tecnico: 'Datos internos'!$B$121:$B$124
Name TablaLineas: 'Datos internos'!$D$68:$E$73
Name texto_completar: 'Datos internos'!$B$4
Name texto_linea_abierta: 'Datos internos'!$A$64
Name texto_linea_centro_propio: 'Datos internos'!$A$62
Name texto_linea_priorizada: 'Datos internos'!$A$63
Name texto_linea_priorizada_ambiente: 'Datos internos'!$B$70
Name texto_linea_priorizada_desarrollo_de_la_comunidad: 'Datos internos'!$B$71
Name texto_linea_priorizada_industria_y_produccion: 'Datos internos'!$B$69
Name texto_linea_priorizada_salud: 'Datos internos'!$B$68
Name texto_linea_priorizada_seguridad: 'Datos internos'!$B$73
Name texto_linea_priorizada_trabajo: 'Datos internos'!$B$72
Name tipos_de_beneficiarios: 'Datos internos'!$B$12:$B$13
Name tipos_de_beneficiarios_habilitados: 'Datos internos'!$B$32:$B$38
Name tipos_de_beneficiarios_totales: 'Datos internos'!$D$26:$J$26
Name version_form: 'Datos internos'!$B$6

Sheet Carátula
A1: ="CONCURSO DE INGRESO A LA CARRERA DEL PERSONAL DE APOYO A LA INVESTIGACIÓN Y DESARROLLO ORIENTADO A CENTROS CIC (" & nombre_convocatoria & ")" -> CONCURSO DE INGRESO A LA CARRERA DEL PERSONAL DE APOYO A LA INVESTIGACIÓN Y DESARROLLO ORIENTADO A CENTROS CIC (CICPA26 CENTROS)
A3: Formulario de solicitud
A5: Resumen e instrucciones
A7: • Complete los datos en las siguientes solapas.
A8: • No vulnere las protecciones.
A9: • No editar esta planilla en línea. Las fórmulas se romperán y no será válida.
A10: • Complete sólo en las celdas permitidas. Las identificará por su fondo coloreado.
A11: • Complete todos los campos obligatorios.
A12: • Sólo imprima ésta y las solapas que así lo indican (🖨).
A13: • No inserte imágenes de firma en esta carátula ni en las declaraciones juradas. Las firmas debe ser reales, ológrafas o digitales con certificado (una imagen pegada no es una firma digital).
A14: =IF(OR(ISBLANK(nombres_postulante), ISBLANK(apellidos_postulante)), "", "• Grabe este archivo como formulario-" & nombre_convocatoria & "-" & apellidos_postulante & ".xlsx") -> • Grabe este archivo como formulario-CICPA26 CENTROS-Apellido.xlsx
A16: Postulante: | B16: =nombres_postulante & " " & apellidos_postulante -> Nombre Apellido
A17: Título: | B17: ='Plan de trabajo'!C3 -> Título
A18: Código de verificación: | B18: {=DEC2HEX(SUMPRODUCT( CODE(MID(B19, ROW(INDIRECT("1:" & LEN(B19))), 1)) * ROW(INDIRECT("1:" & LEN(B19))) ))} -> 16A744
A19: Contatenación para hash | B19: =_xlfn.TEXTJOIN("-", TRUE(), datos_solapa_datos_postulante) & _xlfn.TEXTJOIN("-", TRUE(), datos_solapa_datos_de_la_postulacion) & _xlfn.TEXTJOIN("-", TRUE(), datos_solapa_plan_de_trabajo) & _xlfn.TEXTJOIN("-", TRUE(), datos_solapa_etapas_del_plan_de_trabajo) -> Apellido-Nombre-DNI-Nativo/a-2025Apellido-Nombre-DNITítulo-VERDADERO-VERDADERO-✅-FALSO-FALSO-FALSO-FALSO-FALSO-FALSO-FALSO-FALSOEtapa-Tarea-Definición-Tiempo-Primera tarea-Segunda tarea
A20: =IF(NOT(AND('Datos postulante'!E148, 'Datos de la postulación'!E49, 'Plan de trabajo'!E64)), "❌ CUIDADO: hay campos obligatorios sin completar aún.", "") -> ❌ CUIDADO: hay campos obligatorios sin completar aún.
A22: Las firmas que siguen indican acuerdo con toda la información contenida en la planilla presentada
A23: cuyo código de verificación figura más arriba.
A25: Postulante:
E28: =nombres_postulante & " " & apellidos_postulante -> Nombre Apellido
B29: Firma | E29: Aclaración
A31: Director/a:
E34: =nombres_director & " " & apellidos_director -> Nombre Apellido
B35: Firma | E35: Aclaración
A38: Autoridad del Lugar de Trabajo (Director/a del Centro)
E41: =nombres_autoridad & " " & apellidos_autoridad
B42: Firma | E42: Aclaración
A44: ="Versión form: " & version_form -> Versión form: 1.0

Sheet Datos postulante
A1: 1. Postulante
D2: Obligatorio? | E2: Completo u opcional
A3: 1.1. Datos personales
A5: Apellidos: | B5: Postulante-Apellido | C5: Apellido | D5: =TRUE() -> TRUE | E5: =OR(NOT(D5), NOT(ISBLANK(C5))) -> TRUE | F5: =IF(NOT(ISBLANK(C5)), "✅", texto_completar) -> ✅
A6: Nombres: | B6: Postulante-Nombre | C6: Nombre | D6: =TRUE() -> TRUE | E6: =OR(NOT(D6), NOT(ISBLANK(C6))) -> TRUE | F6: =IF(NOT(ISBLANK(C6)), "✅", texto_completar) -> ✅
A7: Género: | B7: Postulante-Genero | D7: =TRUE() -> TRUE | E7: =OR(NOT(D7), NOT(ISBLANK(C7))) -> FALSE | F7: =IF(NOT(ISBLANK(C7)), "✅", texto_completar) -> ← completar
A8: Tipo doc: | B8: Postulante-TipoDoc | C8: DNI | D8: =TRUE() -> TRUE | E8: =OR(NOT(D8), NOT(ISBLANK(C8))) -> TRUE | F8: =IF(NOT(ISBLANK(C8)), "✅", texto_completar) -> ✅
A9: Nro documento: | B9: Postulante-NroDoc | D9: =TRUE() -> TRUE | E9: =OR(NOT(D9), NOT(ISBLANK(C9))) -> FALSE | F9: =IF(NOT(ISBLANK(C9)), "✅", texto_completar) -> ← completar | G9: Ingresar sin punto ni guiones.
A10: CUIT/CUIL: | B10: Postulante-CUITCUIL | D10: =TRUE() -> TRUE | E10: =OR(NOT(D10), NOT(ISBLANK(C10))) -> FALSE | F10: =IF(NOT(ISBLANK(C10)), "✅", texto_completar) -> ← completar | G10: Ingresar sin punto ni guiones.
A11: Celular: | B11: Postulante-Celular | D11: =TRUE() -> TRUE | E11: =OR(NOT(D11), NOT(ISBLANK(C11))) -> FALSE | F11: =IF(NOT(ISBLANK(C11)), "✅", texto_completar) -> ← completar
A12: Correo electrónico: | B12: Postulante-Email | D12: =TRUE() -> TRUE | E12: =OR(NOT(D12), NOT(ISBLANK(C12))) -> FALSE | F12: =IF(OR(ISERROR(FIND("@", C12)), ISERROR(FIND(".", C12, FIND("@", C12)))), texto_completar, "✅") -> ← completar
A14: Lugar y fecha de nacimiento:
A15: Condición de Nacionalidad: | C15: Nativo/a | F15: =IF(NOT(ISBLANK(C15)), "✅", texto_completar) -> ✅ | G15: Seleccionar de la lista.
A16: Ciudad y provincia: | B16: Postulante-CiudadyProvNacimiento | D16: =TRUE() -> TRUE | E16: =OR(NOT(D16), NOT(ISBLANK(C16))) -> FALSE | F16: =IF(NOT(ISBLANK(C16)), "✅", texto_completar) -> ← completar
A17: País: | B17: Postulante-PaisNacimiento | D17: =TRUE() -> TRUE | E17: =OR(NOT(D17), NOT(ISBLANK(C17))) -> FALSE | F17: =IF(NOT(ISBLANK(C17)), "✅", texto_completar) -> ← completar
A18: Fecha: | B18: Postulante-FechaNac | D18: =TRUE() -> TRUE | E18: =OR(NOT(D18), NOT(ISBLANK(C18))) -> FALSE | F18: =IF(NOT(ISBLANK(C18)), "✅", texto_completar) -> ← completar | G18: dd/MM/AAAA
A20: Domicilio | G20: Domicilio Personal
A21: Calle: | B21: Postulante-Inst-Calle | D21: =TRUE() -> TRUE | E21: =OR(NOT(D21), NOT(ISBLANK(C21))) -> FALSE | F21: =IF(NOT(ISBLANK(C21)), "✅", texto_completar) -> ← completar
A22: Nro: | B22: Postulante-Inst-Nro | D22: =TRUE() -> TRUE | E22: =OR(NOT(D22), NOT(ISBLANK(C22))) -> FALSE | F22: =IF(NOT(ISBLANK(C22)), "✅", texto_completar) -> ← completar
A23: Localidad: | B23: Postulante-Inst-Localidad | D23: =TRUE() -> TRUE | E23: =OR(NOT(D23), NOT(ISBLANK(C23))) -> FALSE | F23: =IF(NOT(ISBLANK(C23)), "✅", texto_completar) -> ← completar
A24: Provincia: | B24: Postulante-Inst-Provincia | D24: =TRUE() -> TRUE | E24: =OR(NOT(D24), NOT(ISBLANK(C24))) -> FALSE | F24: =IF(NOT(ISBLANK(C24)), "✅", texto_completar) -> ← completar | G24: Seleccionar de la lista.
A25: CP: | B25: Postulante-CP | D25: =TRUE() -> TRUE | E25: =OR(NOT(D25), NOT(ISBLANK(C25))) -> FALSE | F25: =IF(NOT(ISBLANK(C25)), "✅", texto_completar) -> ← completar
A27: 1.2. Estudios secundarios
A29: Institución: | B29: Postulante-InstitucionSecundario | D29: =TRUE() -> TRUE | E29: =OR(NOT(D29), NOT(ISBLANK(C29))) -> FALSE | F29: =IF(NOT(ISBLANK(C29)), "✅", texto_completar) -> ← completar | G29: Utilizar nombre completo, no siglas.
A30: Desde: | B30: Postulante-AnoIngresoSecundario | D30: =TRUE() -> TRUE | E30: =OR(NOT(D30), NOT(ISBLANK(C30))) -> FALSE | F30: =IF(NOT(ISBLANK(C30)), "✅", texto_completar) -> ← completar | G30: Indicar año de ingreso.
A31: Hasta: | B31: Postulante-AnoEgresoSecundario | D31: =TRUE() -> TRUE | E31: =OR(NOT(D31), NOT(ISBLANK(C31))) -> FALSE | F31: =IF(NOT(ISBLANK(C31)), "✅", texto_completar) -> ← completar | G31: Indicar año de egreso.
A32: Título: | B32: Postulante-TítuloSecundario | D32: =TRUE() -> TRUE | E32: =OR(NOT(D32), NOT(ISBLANK(C32))) -> FALSE | F32: =IF(NOT(ISBLANK(C32)), "✅", texto_completar) -> ← completar | G32: Utilizar nombre completo, no siglas.
A34: 1.3. Estudios universitarios
A36: Universidad: | B36: Postulante-Universidad | D36: =FALSE() -> FALSE | E36: =OR(NOT(D36), NOT(ISBLANK(C36))) -> TRUE | F36: =IF(E36, "✅", texto_completar) -> ✅ | G36: Utilizar nombre completo, no siglas.
A37: Unidad académica: | B37: Postulante-UnidadAcademica | D37: =NOT(ISBLANK(C$36)) -> FALSE | E37: =OR(NOT(D37), NOT(ISBLANK(C37))) -> TRUE | F37: =IF(E37, "✅", texto_completar) -> ✅ | G37: Utilizar nombre completo, no siglas.
A38: Título obtenido: | B38: Postulante-TituloObtenidoOAObtener | D38: =NOT(ISBLANK(C$36)) -> FALSE | E38: =OR(NOT(D38), NOT(ISBLANK(C38))) -> TRUE | F38: =IF(E38, "✅", texto_completar) -> ✅ | G38: Utilizar nombre completo, no siglas.
A39: Fecha de ingreso: | B39: Postulante-FechaIngreso | D39: =NOT(ISBLANK(C$36)) -> FALSE | E39: =OR(NOT(D39), NOT(ISBLANK(C39))) -> TRUE | F39: =IF(E39, "✅", texto_completar) -> ✅
A40: Fecha de graduación: | B40: Postulante-FechaGraduación | D40: =NOT(ISBLANK(C$36)) -> FALSE | E40: =OR(NOT(D40), NOT(ISBLANK(C40))) -> TRUE | F40: =IF(E40, "✅", texto_completar) -> ✅ | G40: Si no está graduado, fecha estimativa.
A42: 1.4. Otros estudios superiores
A44: Institución: | B44: Postulante-InstitucionOtrosEstudiosSuperiores1 | D44: =FALSE() -> FALSE | E44: =OR(NOT(D44), NOT(ISBLANK(C44))) -> TRUE | F44: =IF(E44, "✅", texto_completar) -> ✅ | G44: Utilizar nombre completo, no siglas.
A45: Desde: | B45: Postulante-AnoIngresoOtrosEstudiosSuperiores1 | D45: =NOT(ISBLANK(C$44)) -> FALSE | E45: =OR(NOT(D45), NOT(ISBLANK(C45))) -> TRUE | F45: =IF(E45, "✅", texto_completar) -> ✅ | G45: Indicar año de ingreso.
A46: Hasta: | B46: Postulante-AnoEgresoOtrosEstudiosSuperiores1 | D46: =NOT(ISBLANK(C$44)) -> FALSE | E46: =OR(NOT(D46), NOT(ISBLANK(C46))) -> TRUE | F46: =IF(E46, "✅", texto_completar) -> ✅ | G46: Indicar año de egreso.
A47: Título: | B47: Postulante-TítuloOtrosEstudiosSuperiores1 | D47: =NOT(ISBLANK(C$44)) -> FALSE | E47: =OR(NOT(D47), NOT(ISBLANK(C47))) -> TRUE | F47: =IF(E47, "✅", texto_completar) -> ✅ | G47: Utilizar nombre completo, no siglas.
A49: Institución: | B49: Postulante-InstitucionOtrosEstudiosSuperiores2 | D49: =FALSE() -> FALSE | E49: =OR(NOT(D49), NOT(ISBLANK(C49))) -> TRUE | F49: =IF(E49, "✅", texto_completar) -> ✅ | G49: Utilizar nombre completo, no siglas.
A50: Desde: | B50: Postulante-AnoIngresoOtrosEstudiosSuperiores2 | C50: 2025 | D50: =NOT(ISBLANK(C$49)) -> FALSE | E50: =OR(NOT(D50), NOT(ISBLANK(C50))) -> TRUE | F50: =IF(E50, "✅", texto_completar) -> ✅ | G50: Indicar año de ingreso.
A51: Hasta: | B51: Postulante-AnoEgresoOtrosEstudiosSuperiores2 | D51: =NOT(ISBLANK(C$49)) -> FALSE | E51: =OR(NOT(D51), NOT(ISBLANK(C51))) -> TRUE | F51: =IF(E51, "✅", texto_completar) -> ✅ | G51: Indicar año de egreso.
A52: Título: | B52: Postulante-TítuloOtrosEstudiosSuperiores2 | D52: =NOT(ISBLANK(C$49)) -> FALSE | E52: =OR(NOT(D52), NOT(ISBLANK(C52))) -> TRUE | F52: =IF(E52, "✅", texto_completar) -> ✅ | G52: Utilizar nombre completo, no siglas.
A54: Institución: | B54: Postulante-InstitucionOtrosEstudiosSuperiores3 | D54: =FALSE() -> FALSE | E54: =OR(NOT(D54), NOT(ISBLANK(C54))) -> TRUE | F54: =IF(E54, "✅", texto_completar) -> ✅ | G54: Utilizar nombre completo, no siglas.
A55: Desde: | B55: Postulante-AnoIngresoOtrosEstudiosSuperiores3 | D55: =NOT(ISBLANK(C$54)) -> FALSE | E55: =OR(NOT(D55), NOT(ISBLANK(C55))) -> TRUE | F55: =IF(E55, "✅", texto_completar) -> ✅ | G55: Indicar año de ingreso.
A56: Hasta: | B56: Postulante-AnoEgresoOtrosEstudiosSuperiores3 | D56: =NOT(ISBLANK(C$54)) -> FALSE | E56: =OR(NOT(D56), NOT(ISBLANK(C56))) -> TRUE | F56: =IF(E56, "✅", texto_completar) -> ✅ | G56: Indicar año de egreso.
A57: Título: | B57: Postulante-TítuloOtrosEstudiosSuperiores3 | D57: =NOT(ISBLANK(C$54)) -> FALSE | E57: =OR(NOT(D57), NOT(ISBLANK(C57))) -> TRUE | F57: =IF(E57, "✅", texto_completar) -> ✅ | G57: Utilizar nombre completo, no siglas.
A59: Institución: | B59: Postulante-InstitucionOtrosEstudiosSuperiores4 | D59: =FALSE() -> FALSE | E59: =OR(NOT(D59), NOT(ISBLANK(C59))) -> TRUE | F59: =IF(E59, "✅", texto_completar) -> ✅ | G59: Utilizar nombre completo, no siglas.
A60: Desde: | B60: Postulante-AnoIngresoOtrosEstudiosSuperiores4 | D60: =NOT(ISBLANK(C$59)) -> FALSE | E60: =OR(NOT(D60), NOT(ISBLANK(C60))) -> TRUE | F60: =IF(E60, "✅", texto_completar) -> ✅ | G60: Indicar año de ingreso.
A61: Hasta: | B61: Postulante-AnoEgresoOtrosEstudiosSuperiores4 | D61: =NOT(ISBLANK(C$59)) -> FALSE | E61: =OR(NOT(D61), NOT(ISBLANK(C61))) -> TRUE | F61: =IF(E61, "✅", texto_completar) -> ✅ | G61: Indicar año de egreso.
A62: Título: | B62: Postulante-TítuloOtrosEstudiosSuperiores4 | D62: =NOT(ISBLANK(C$59)) -> FALSE | E62: =OR(NOT(D62), NOT(ISBLANK(C62))) -> TRUE | F62: =IF(E62, "✅", texto_completar) -> ✅ | G62: Utilizar nombre completo, no siglas.
A64: 1.5. Conocimientos de idiomas
A66: Lengua: | B66: Lengua1-Nombre | D66: =FALSE() -> FALSE | E66: =OR(NOT(D66), NOT(ISBLANK(C66))) -> TRUE | F66: =IF(E66, "✅", texto_completar) -> ✅
A67: Lee: | B67: Lengua1-Lee | D67: =FALSE() -> FALSE | E67: =OR(NOT(D67), NOT(ISBLANK(C67))) -> TRUE | F67: =IF(E67, "✅", texto_completar) -> ✅
A68: Escribe: | B68: Lengua1-Escribe | D68: =FALSE() -> FALSE | E68: =OR(NOT(D68), NOT(ISBLANK(C68))) -> TRUE | F68: =IF(E68, "✅", texto_completar) -> ✅
A69: Habla: | B69: Lengua1-Habla | D69: =FALSE() -> FALSE | E69: =OR(NOT(D69), NOT(ISBLANK(C69))) -> TRUE | F69: =IF(E69, "✅", texto_completar) -> ✅
A70: Entiende: | B70: Lengua1-Entiende | D70: =FALSE() -> FALSE | E70: =OR(NOT(D70), NOT(ISBLANK(C70))) -> TRUE | F70: =IF(E70, "✅", texto_completar) -> ✅
A71: Lengua: | B71: Lengua2-Nombre | D71: =FALSE() -> FALSE | E71: =OR(NOT(D71), NOT(ISBLANK(C71))) -> TRUE | F71: =IF(E71, "✅", texto_completar) -> ✅
A72: Lee: | B72: Lengua2-Lee | D72: =FALSE() -> FALSE | E72: =OR(NOT(D72), NOT(ISBLANK(C72))) -> TRUE | F72: =IF(E72, "✅", texto_completar) -> ✅
A73: Escribe: | B73: Lengua2-Escribe | D73: =FALSE() -> FALSE | E73: =OR(NOT(D73), NOT(ISBLANK(C73))) -> TRUE | F73: =IF(E73, "✅", texto_completar) -> ✅
A74: Habla: | B74: Lengua2-Habla | D74: =FALSE() -> FALSE | E74: =OR(NOT(D74), NOT(ISBLANK(C74))) -> TRUE | F74: =IF(E74, "✅", texto_completar) -> ✅
A75: Entiende: | B75: Lengua2-Entiende | D75: =FALSE() -> FALSE | E75: =OR(NOT(D75), NOT(ISBLANK(C75))) -> TRUE | F75: =IF(E75, "✅", texto_completar) -> ✅
A76: Lengua: | B76: Lengua3-Nombre | D76: =FALSE() -> FALSE | E76: =OR(NOT(D76), NOT(ISBLANK(C76))) -> TRUE | F76: =IF(E76, "✅", texto_completar) -> ✅
A77: Lee: | B77: Lengua3-Lee | D77: =FALSE() -> FALSE | E77: =OR(NOT(D77), NOT(ISBLANK(C77))) -> TRUE | F77: =IF(E77, "✅", texto_completar) -> ✅
... A80: Entiende: | B80: Lengua3-Entiende | D80: =FALSE() -> FALSE | E80: =OR(NOT(D80), NOT(ISBLANK(C80))) -> TRUE | F80: =IF(E80, "✅", texto_completar) -> ✅
A82: 1.6. Empleos en relación con la especialidad
A84: Institución: | B84: Postulante-EmpleoRelEspecialidad1-Institucion | D84: =FALSE() -> FALSE | E84: =OR(NOT(D84), NOT(ISBLANK(C84))) -> TRUE | F84: =IF(E84, "✅", texto_completar) -> ✅ | G84: Utilizar nombre completo, no siglas.
A85: Cargo: | B85: Postulante-EmpleoRelEspecialidad1-Cargo | D85: =NOT(ISBLANK(C$84)) -> FALSE | E85: =OR(NOT(D85), NOT(ISBLANK(C85))) -> TRUE | F85: =IF(E85, "✅", texto_completar) -> ✅ | G85: Utilizar nombre completo, no siglas.
A86: Desde: | B86: Postulante-EmpleoRelEspecialidad1-AnoIngreso | D86: =NOT(ISBLANK(C$84)) -> FALSE | E86: =OR(NOT(D86), NOT(ISBLANK(C86))) -> TRUE | F86: =IF(E86, "✅", texto_completar) -> ✅ | G86: Indicar año de ingreso.
A87: Hasta: | B87: Postulante-EmpleoRelEspecialidad1-AnoEgreso | D87: =NOT(ISBLANK(C$84)) -> FALSE | E87: =OR(NOT(D87), NOT(ISBLANK(C87))) -> TRUE | F87: =IF(E87, "✅", texto_completar) -> ✅ | G87: Indicar año de egreso.
A89: Institución: | B89: Postulante-EmpleoRelEspecialidad2-Institucion | D89: =FALSE() -> FALSE | E89: =OR(NOT(D89), NOT(ISBLANK(C89))) -> TRUE | F89: =IF(E89, "✅", texto_completar) -> ✅ | G89: Utilizar nombre completo, no siglas.
A90: Cargo: | B90: Postulante-EmpleoRelEspecialidad2-Cargo | D90: =NOT(ISBLANK(C$90)) -> FALSE | E90: =OR(NOT(D90), NOT(ISBLANK(C90))) -> TRUE | F90: =IF(E90, "✅", texto_completar) -> ✅ | G90: Utilizar nombre completo, no siglas.
A91: Desde: | B91: Postulante-EmpleoRelEspecialidad2-AnoIngreso | D91: =NOT(ISBLANK(C$90)) -> FALSE | E91: =OR(NOT(D91), NOT(ISBLANK(C91))) -> TRUE | F91: =IF(E91, "✅", texto_completar) -> ✅ | G91: Indicar año de ingreso.
A92: Hasta: | B92: Postulante-EmpleoRelEspecialidad2-AnoEgreso | D92: =NOT(ISBLANK(C$90)) -> FALSE | E92: =OR(NOT(D92), NOT(ISBLANK(C92))) -> TRUE | F92: =IF(E92, "✅", texto_completar) -> ✅ | G92: Indicar año de egreso.
A94: Institución: | B94: Postulante-EmpleoRelEspecialidad3-Institucion | D94: =FALSE() -> FALSE | E94: =OR(NOT(D94), NOT(ISBLANK(C94))) -> TRUE | F94: =IF(E94, "✅", texto_completar) -> ✅ | G94: Utilizar nombre completo, no siglas.
A95: Cargo: | B95: Postulante-EmpleoRelEspecialidad3-Cargo | D95: =NOT(ISBLANK(C$94)) -> FALSE | E95: =OR(NOT(D95), NOT(ISBLANK(C95))) -> TRUE | F95: =IF(E95, "✅", texto_completar) -> ✅ | G95: Utilizar nombre completo, no siglas.
A96: Desde: | B96: Postulante-EmpleoRelEspecialidad3-AnoIngreso | D96: =NOT(ISBLANK(C$94)) -> FALSE | E96: =OR(NOT(D96), NOT(ISBLANK(C96))) -> TRUE | F96: =IF(E96, "✅", texto_completar) -> ✅ | G96: Indicar año de ingreso.
A97: Hasta: | B97: Postulante-EmpleoRelEspecialidad3-AnoEgreso | D97: =NOT(ISBLANK(C$94)) -> FALSE | E97: =OR(NOT(D97), NOT(ISBLANK(C97))) -> TRUE | F97: =IF(E97, "✅", texto_completar) -> ✅ | G97: Indicar año de egreso.
A99: 1.7. Otros empleos (actuales y anteriores)
A101: Institución: | B101: Postulante-OtrosEmpleos1-Institucion | D101: =FALSE() -> FALSE | E101: =OR(NOT(D101), NOT(ISBLANK(C101))) -> TRUE | F101: =IF(E101, "✅", texto_completar) -> ✅ | G101: Utilizar nombre completo, no siglas.
A102: Cargo: | B102: Postulante-OtrosEmpleos1-Cargo | D102: =NOT(ISBLANK(C$101)) -> FALSE | E102: =OR(NOT(D102), NOT(ISBLANK(C102))) -> TRUE | F102: =IF(E102, "✅", texto_completar) -> ✅ | G102: Utilizar nombre completo, no siglas.
A103: Desde: | B103: Postulante-OtrosEmpleos1-AnoIngreso | D103: =NOT(ISBLANK(C$101)) -> FALSE | E103: =OR(NOT(D103), NOT(ISBLANK(C103))) -> TRUE | F103: =IF(E103, "✅", texto_completar) -> ✅ | G103: Indicar año de ingreso.
A104: Hasta: | B104: Postulante-OtrosEmpleos1-AnoEgreso | D104: =NOT(ISBLANK(C$101)) -> FALSE | E104: =OR(NOT(D104), NOT(ISBLANK(C104))) -> TRUE | F104: =IF(E104, "✅", texto_completar) -> ✅ | G104: Indicar año de egreso.
A106: Institución: | B106: Postulante-OtrosEmpleos2-Institucion | D106: =FALSE() -> FALSE | E106: =OR(NOT(D106), NOT(ISBLANK(C106))) -> TRUE | F106: =IF(E106, "✅", texto_completar) -> ✅ | G106: Utilizar nombre completo, no siglas.
A107: Cargo: | B107: Postulante-OtrosEmpleos2-Cargo | D107: =NOT(ISBLANK(C$106)) -> FALSE | E107: =OR(NOT(D107), NOT(ISBLANK(C107))) -> TRUE | F107: =IF(E107, "✅", texto_completar) -> ✅ | G107: Utilizar nombre completo, no siglas.
A108: Desde: | B108: Postulante-OtrosEmpleos2-AnoIngreso | D108: =NOT(ISBLANK(C$106)) -> FALSE | E108: =OR(NOT(D108), NOT(ISBLANK(C108))) -> TRUE | F108: =IF(E108, "✅", texto_completar) -> ✅ | G108: Indicar año de ingreso.
A109: Hasta: | B109: Postulante-OtrosEmpleos2-AnoEgreso | D109: =NOT(ISBLANK(C$106)) -> FALSE | E109: =OR(NOT(D109), NOT(ISBLANK(C109))) -> TRUE | F109: =IF(E109, "✅", texto_completar) -> ✅ | G109: Indicar año de egreso.
A111: Institución: | B111: Postulante-OtrosEmpleos3-Institucion | D111: =FALSE() -> FALSE | E111: =OR(NOT(D111), NOT(ISBLANK(C111))) -> TRUE | F111: =IF(E111, "✅", texto_completar) -> ✅ | G111: Utilizar nombre completo, no siglas.
A112: Cargo: | B112: Postulante-OtrosEmpleos3-Cargo | D112: =NOT(ISBLANK(C$111)) -> FALSE | E112: =OR(NOT(D112), NOT(ISBLANK(C112))) -> TRUE | F112: =IF(E112, "✅", texto_completar) -> ✅ | G112: Utilizar nombre completo, no siglas.
A113: Desde: | B113: Postulante-OtrosEmpleos3-AnoIngreso | D113: =NOT(ISBLANK(C$111)) -> FALSE | E113: =OR(NOT(D113), NOT(ISBLANK(C113))) -> TRUE | F113: =IF(E113, "✅", texto_completar) -> ✅ | G113: Indicar año de ingreso.
A114: Hasta: | B114: Postulante-OtrosEmpleos3-AnoEgreso | D114: =NOT(ISBLANK(C$111)) -> FALSE | E114: =OR(NOT(D114), NOT(ISBLANK(C114))) -> TRUE | F114: =IF(E114, "✅", texto_completar) -> ✅ | G114: Indicar año de egreso.
A116: Institución: | B116: Postulante-OtrosEmpleos4-Institucion | D116: =FALSE() -> FALSE | E116: =OR(NOT(D116), NOT(ISBLANK(C116))) -> TRUE | F116: =IF(E116, "✅", texto_completar) -> ✅ | G116: Utilizar nombre completo, no siglas.
A117: Cargo: | B117: Postulante-OtrosEmpleos4-Cargo | D117: =NOT(ISBLANK(C$116)) -> FALSE | E117: =OR(NOT(D117), NOT(ISBLANK(C117))) -> TRUE | F117: =IF(E117, "✅", texto_completar) -> ✅ | G117: Utilizar nombre completo, no siglas.
A118: Desde: | B118: Postulante-OtrosEmpleos4-AnoIngreso | D118: =NOT(ISBLANK(C$116)) -> FALSE | E118: =OR(NOT(D118), NOT(ISBLANK(C118))) -> TRUE | F118: =IF(E118, "✅", texto_completar) -> ✅ | G118: Indicar año de ingreso.
A119: Hasta: | B119: Postulante-OtrosEmpleos4-AnoEgreso | D119: =NOT(ISBLANK(C$116)) -> FALSE | E119: =OR(NOT(D119), NOT(ISBLANK(C119))) -> TRUE | F119: =IF(E119, "✅", texto_completar) -> ✅ | G119: Indicar año de egreso.
A121: Institución: | B121: Postulante-OtrosEmpleos5-Institucion | D121: =FALSE() -> FALSE | E121: =OR(NOT(D121), NOT(ISBLANK(C121))) -> TRUE | F121: =IF(E121, "✅", texto_completar) -> ✅ | G121: Utilizar nombre completo, no siglas.
A122: Cargo: | B122: Postulante-OtrosEmpleos5-Cargo | D122: =NOT(ISBLANK(C$121)) -> FALSE | E122: =OR(NOT(D122), NOT(ISBLANK(C122))) -> TRUE | F122: =IF(E122, "✅", texto_completar) -> ✅ | G122: Utilizar nombre completo, no siglas.
A123: Desde: | B123: Postulante-OtrosEmpleos5-AnoIngreso | D123: =NOT(ISBLANK(C$121)) -> FALSE | E123: =OR(NOT(D123), NOT(ISBLANK(C123))) -> TRUE | F123: =IF(E123, "✅", texto_completar) -> ✅ | G123: Indicar año de ingreso.
A124: Hasta: | B124: Postulante-OtrosEmpleos5-AnoEgreso | D124: =NOT(ISBLANK(C$121)) -> FALSE | E124: =OR(NOT(D124), NOT(ISBLANK(C124))) -> TRUE | F124: =IF(E124, "✅", texto_completar) -> ✅ | G124: Indicar año de egreso.
A126: 1.8. Exposición sintética de la labor original realizada
A128: Bajo este punto se expondrá la orientación que impuso a sus trabajos en el curso de su actividad científica, así como también técnicas empleadas, métodos, etc.. Hasta 2000 caracteres.
...

Sheet Datos de la postulación
A1: 2. Datos relativos a la postulación
D2: Obligatorio? | E2: Completo u opcional
A3: Categoría: | B3: Postulacion-Categoria | D3: =TRUE() -> TRUE | E3: =OR(NOT(D3), NOT(ISBLANK(C3))) -> FALSE | F3: =IF(NOT(ISBLANK(C3)), "✅", texto_completar) -> ← completar
A4: Subcategoría | D4: =TRUE() -> TRUE | E4: =OR(NOT(D4), NOT(ISBLANK(C4))) -> FALSE | F4: =IF(NOT(ISBLANK(C4)), "✅", texto_completar) -> ← completar
A5: Comisión Asesora: | B5: PlanDeTrabajo-ComisionAsesora | D5: =TRUE() -> TRUE | E5: =OR(NOT(D5), NOT(ISBLANK(C5))) -> FALSE | F5: =IF(NOT(ISBLANK(C5)), "✅", texto_completar) -> ← completar | G5: Seleccionar de la lista.
A6: Centro propio CIC: | B6: PlanDeTrabajo-CentroPropio | D6: =ISBLANK(C7) -> TRUE | E6: =OR(NOT(D6), AND(NOT(ISBLANK(C6)), ISBLANK(C7))) -> FALSE | F6: =IF(E6, "✅", texto_completar) -> ← completar | G6: =IF(NOT(D6), "Información no requerida para la línea seleccionada.", "Seleccionar de la lista.") -> Seleccionar de la lista.
A7: Centro Multiple: | B7: PlanDeTrabajo-LineaPriorizada | D7: =ISBLANK(C6) -> TRUE | E7: =OR(NOT(D7), AND(NOT(ISBLANK(C7)), ISBLANK(C6))) -> FALSE | F7: =IF(E7, "✅", texto_completar) -> ← completar | G7: =IF(NOT(D7), "Información no requerida para la línea seleccionada.", "Seleccionar de la lista.") -> Seleccionar de la lista.
A9: 2.1. Otras presentaciones
A11: Otras becas: | B11: Postulacion-OtrasBecas | D11: =IF(C$6 = texto_linea_abierta,TRUE()) -> FALSE | E11: =OR(NOT(D11), NOT(ISBLANK(C11))) -> TRUE | F11: =IF(E11, "✅", texto_completar) -> ✅ | G11: Si tiene alguna beca en gestión o en vigencia, indicar dónde y hasta cuándo.
A12: Solicitud de ingreso a CPA de CONICET: | B12: Postulacion-CPACONICET | D12: =IF(C$6 = texto_linea_abierta,TRUE()) -> FALSE | E12: =OR(NOT(D12), NOT(ISBLANK(C12))) -> TRUE | F12: =IF(E12, "✅", texto_completar) -> ✅ | G12: Si ha presentado solicitud de ingreso a CPA de CONICET consigne lugar de trabajo y categoría (si estuviese asignada, también director/a y tema).
A14: 2.2. Director/a
A16: Apellidos: | B16: Dire-Apellido | C16: Apellido | D16: =TRUE() -> TRUE | E16: =OR(NOT(D16), NOT(ISBLANK(C16))) -> TRUE | F16: =IF(NOT(ISBLANK(C16)), "✅", texto_completar) -> ✅
A17: Nombres: | B17: Dire-Nombre | C17: Nombre | D17: =TRUE() -> TRUE | E17: =OR(NOT(D17), NOT(ISBLANK(C17))) -> TRUE | F17: =IF(NOT(ISBLANK(C17)), "✅", texto_completar) -> ✅
A18: Tipo doc: | B18: Dire-TipoDoc | C18: DNI | D18: =TRUE() -> TRUE | E18: =OR(NOT(D18), NOT(ISBLANK(C18))) -> TRUE | F18: =IF(NOT(ISBLANK(C18)), "✅", texto_completar) -> ✅
A19: Nro documento: | B19: Dire-NroDoc | D19: =TRUE() -> TRUE | E19: =OR(NOT(D19), NOT(ISBLANK(C19))) -> FALSE | F19: =IF(NOT(ISBLANK(C19)), "✅", texto_completar) -> ← completar | G19: Ingresar sin punto ni guiones.
A20: Grado académico: | B20: Dire-GradoAcademico | D20: =TRUE() -> TRUE | E20: =OR(NOT(D20), NOT(ISBLANK(C20))) -> FALSE | F20: =IF(NOT(ISBLANK(C20)), "✅", texto_completar) -> ← completar
A21: Categoría: | B21: Dire-CatInvestigador | D21: =TRUE() -> TRUE | E21: =OR(NOT(D21), NOT(ISBLANK(C21))) -> FALSE | F21: =IF(NOT(ISBLANK(C21)), "✅", texto_completar) -> ← completar
A22: Subcategoría: | B22: Dire-SubCatInvestigador | D22: =_xlfn.IFNA(HLOOKUP(C$21, datos_requeridos_por_tipo_de_beneficiario, 2, FALSE), FALSE) -> FALSE | E22: =OR(NOT(D22), NOT(ISBLANK(C22))) -> TRUE | F22: =IF(E22, "✅", texto_completar) -> ✅ | G22: =IF(NOT(D22), "Información no requerida para la categoría seleccionada.", "") -> Información no requerida para la categoría seleccionada.
A23: Dedicación: | B23: Dire-Dedicacion | D23: =_xlfn.IFNA(HLOOKUP(C$21, datos_requeridos_por_tipo_de_beneficiario, 3, FALSE), FALSE) -> FALSE | E23: =OR(NOT(D23), NOT(ISBLANK(C23))) -> TRUE | F23: =IF(E23, "✅", texto_completar) -> ✅ | G23: =IF(NOT(D23), "Información no requerida para la categoría seleccionada.", "") -> Información no requerida para la categoría seleccionada.
A24: Categoría Incentivos: | B24: Dire-CatIncentivos | D24: =_xlfn.IFNA(HLOOKUP(C$21, datos_requeridos_por_tipo_de_beneficiario, 4, FALSE), FALSE) -> FALSE | E24: =OR(NOT(D24), NOT(ISBLANK(C24))) -> TRUE | F24: =IF(E24, "✅", texto_completar) -> ✅ | G24: =IF(NOT(D24), "Información no requerida para la categoría seleccionada.", "") -> Información no requerida para la categoría seleccionada.
A25: Institución: | B25: Dire-InstitucionInvestigador | D25: =_xlfn.IFNA(HLOOKUP(C$21, datos_requeridos_por_tipo_de_beneficiario, 5, FALSE), FALSE) -> FALSE | E25: =OR(NOT(D25), NOT(ISBLANK(C25))) -> TRUE | F25: =IF(E25, "✅", texto_completar) -> ✅ | G25: =IF(NOT(D25), "Información no requerida para la categoría seleccionada.", "Institución que le asignó la categoría de investigador/a. Ejemplo: INTA, INTI, UNLP, UNCPBA, etc.") -> Información no requerida para la categoría seleccionada.
A26: Cargo: | B26: Dire-Cargo | D26: =TRUE() -> TRUE | E26: =OR(NOT(D26), NOT(ISBLANK(C26))) -> FALSE | F26: =IF(NOT(ISBLANK(C26)), "✅", texto_completar) -> ← completar | G26: Indicar el cargo directivo.
A27: Institución: | B27: Dire-Institucion | D27: =TRUE() -> TRUE | E27: =OR(NOT(D27), NOT(ISBLANK(C27))) -> FALSE | F27: =IF(NOT(ISBLANK(C27)), "✅", texto_completar) -> ← completar | G27: Institución donde ejerce el cargo.
A28: Celular: | B28: Dire-Celular | D28: =TRUE() -> TRUE | E28: =OR(NOT(D28), NOT(ISBLANK(C28))) -> FALSE | F28: =IF(NOT(ISBLANK(C28)), "✅", texto_completar) -> ← completar
A29: Correo electrónico: | B29: Dire-Email | D29: =TRUE() -> TRUE | E29: =OR(NOT(D29), NOT(ISBLANK(C29))) -> FALSE | F29: =IF(OR(ISERROR(FIND("@", C29)), ISERROR(FIND(".", C29, FIND("@", C29)))), texto_completar, "✅") -> ← completar
A31: 2.3. Lugar de trabajo propuesto
A33: Universidad: | B33: Lugar-Universidad | D33: =TRUE() -> TRUE | E33: =OR(NOT(D33), NOT(ISBLANK(C33))) -> FALSE | F33: =IF(NOT(ISBLANK(C33)), "✅", texto_completar) -> ← completar | G33: Completar sin abreviaturas.
A34: Facultad: | B34: Lugar-Facultad | D34: =TRUE() -> TRUE | E34: =OR(NOT(D34), NOT(ISBLANK(C34))) -> FALSE | F34: =IF(NOT(ISBLANK(C34)), "✅", texto_completar) -> ← completar | G34: Completar sin abreviaturas.
A35: Departamento o escuela: | B35: Lugar-DeptooEscuela | D35: =TRUE() -> TRUE | E35: =OR(NOT(D35), NOT(ISBLANK(C35))) -> FALSE | F35: =IF(NOT(ISBLANK(C35)), "✅", texto_completar) -> ← completar | G35: Completar sin abreviaturas.
A36: Instituto, centro, laboratorio o unidad de investigación: | B36: Lugar-Instituto | D36: =TRUE() -> TRUE | E36: =OR(NOT(D36), NOT(ISBLANK(C36))) -> FALSE | F36: =IF(NOT(ISBLANK(C36)), "✅", texto_completar) -> ← completar | G36: Completar sin abreviaturas.
A37: Calle: | B37: Lugar-Inst-Calle | D37: =TRUE() -> TRUE | E37: =OR(NOT(D37), NOT(ISBLANK(C37))) -> FALSE | F37: =IF(NOT(ISBLANK(C37)), "✅", texto_completar) -> ← completar
A38: Nro: | B38: Lugar-Inst-Nro | D38: =TRUE() -> TRUE | E38: =OR(NOT(D38), NOT(ISBLANK(C38))) -> FALSE | F38: =IF(NOT(ISBLANK(C38)), "✅", texto_completar) -> ← completar
A39: Localidad: | B39: Lugar-Inst-Localidad | D39: =TRUE() -> TRUE | E39: =OR(NOT(D39), NOT(ISBLANK(C39))) -> FALSE | F39: =IF(NOT(ISBLANK(C39)), "✅", texto_completar) -> ← completar
A40: Provincia: | B40: Lugar-Inst-Provincia | D40: =TRUE() -> TRUE | E40: =OR(NOT(D40), NOT(ISBLANK(C40))) -> FALSE | F40: =IF(NOT(ISBLANK(C40)), "✅", texto_completar) -> ← completar | G40: Seleccionar de la lista.
A41: CP: | B41: Lugar-CP | D41: =TRUE() -> TRUE | E41: =OR(NOT(D41), NOT(ISBLANK(C41))) -> FALSE | F41: =IF(NOT(ISBLANK(C41)), "✅", texto_completar) -> ← completar
A43: 2.4. Autoridad del Lugar de Trabajo
A44: Apellidos: | B44: Dire-Apellido | D44: =TRUE() -> TRUE | E44: =OR(NOT(D44), NOT(ISBLANK(C44))) -> FALSE | F44: =IF(NOT(ISBLANK(C44)), "✅", texto_completar) -> ← completar
A45: Nombres: | B45: Dire-Nombre | D45: =TRUE() -> TRUE | E45: =OR(NOT(D45), NOT(ISBLANK(C45))) -> FALSE | F45: =IF(NOT(ISBLANK(C45)), "✅", texto_completar) -> ← completar
A46: Cargo: | B46: Dire-Cargo | D46: =TRUE() -> TRUE | E46: =OR(NOT(D46), NOT(ISBLANK(C46))) -> FALSE | F46: =IF(NOT(ISBLANK(C46)), "✅", texto_completar) -> ← completar | G46: Indicar el cargo directivo.
A47: Institución: | B47: Dire-Institucion | D47: =TRUE() -> TRUE | E47: =OR(NOT(D47), NOT(ISBLANK(C47))) -> FALSE | F47: =IF(NOT(ISBLANK(C47)), "✅", texto_completar) -> ← completar | G47: Institución donde ejerce el cargo.
A49: =IF(NOT(E49), "❌ CUIDADO: hay campos obligatorios sin completar aún.", "") -> ❌ CUIDADO: hay campos obligatorios sin completar aún. | E49: =AND(E3:E41) -> FALSE

Sheet Plan de trabajo
A1: 3. Plan de trabajo
D2: Obligatorio? | E2: Completo u opcional
A3: Título: | B3: PlanDeTrabajo-Titulo | C3: Título | D3: =TRUE() -> TRUE | E3: =OR(NOT(D3), NOT(ISBLANK(C3))) -> TRUE | F3: =IF(NOT(ISBLANK(C3)), "✅", texto_completar) -> ✅
A5: 3.2. Descripción del plan de trabajo
A6: Sugerimos escribir en un editor de texto y luego pegar el texto.
A8: 3.2.1. Resumen
A10: Hasta 2000 caracteres.
B11: PlanDeTrabajo-Resumen
E12: =NOT(ISBLANK(C11)) -> FALSE
A13: 3.2.2. Definición del problema y estado actual del conocimiento sobre la cuestión
A15: Hasta 6000 caracteres.
B16: PlanDeTrabajo-DefinicionYEstadoDelArte
E17: =NOT(ISBLANK(C16)) -> FALSE
A18: 3.2.3. Trabajo previo realizado referente a este proyecto
A20: Hasta 6000 caracteres.
B21: PlanDeTrabajo-TrabajoPrevio
E22: =NOT(ISBLANK(C21)) -> FALSE
A23: 3.2.4. Objetivos generales y específicos
A25: Hasta 2000 caracteres.
B26: PlanDeTrabajo-Objetivos
E27: =NOT(ISBLANK(C26)) -> FALSE
A28: 3.2.5. Impactos previstos
A30: Hasta 2000 caracteres.
B31: PlanDeTrabajo-Impactos
E32: =NOT(ISBLANK(C31)) -> FALSE
A33: 3.2.6. Demanda potencial o real
A35: Hasta 2000 caracteres.
B36: PlanDeTrabajo-Demanda
E37: =NOT(ISBLANK(C36)) -> FALSE
A38: 3.2.7. Métodos y técnicas a emplear
A40: Hasta 2000 caracteres.
B41: PlanDeTrabajo-MetodosYTecnicas
A43: 3.2.8. Composición del equipo de trabajo al que se integra.
A45: Detallar nombre y apellido de los y las integrantes, y la función que cumplen en el mismo(becario/a, profesionales de apoyo,investigadores/as, técnicos/as, etc.)
A46: Hasta 6000 caracteres
A49: 3.2.9. Vinculación del plan de trabajo con otros proyectos de investigación en ejecución en el mismo lugar de trabajo
A51: Hasta 2000 caracteres.
B52: PlanDeTrabajo-VinculacionOtrosProyectos
E53: =NOT(ISBLANK(C52)) -> FALSE
A54: 3.2.10. Bibliografía
A56: Hasta 6000 caracteres.
B57: PlanDeTrabajo-Bibliografía
E58: =NOT(ISBLANK(C57)) -> FALSE
A59: 3.2.11. Breve descripción de la infraestructura y servicios disponibles en relación al plan de trabajo
A61: Hasta 2000 caracteres.
B62: PlanDeTrabajo-Infraestructura
E63: =NOT(ISBLANK(C62)) -> FALSE
A64: =IF(NOT(E64), "❌ CUIDADO: hay campos obligatorios sin completar aún.", "") -> ❌ CUIDADO: hay campos obligatorios sin completar aún. | E64: =AND(E3, E53, E27, E32, E22, E17, E12, E37, E47, E58, E63) -> FALSE

Sheet Etapas del plan de trabajo
A1: 3.2.12. Cronograma mensual de actividades a desarrollar en el período de la beca
A3: Detallar en etapas del plan de trabajo, desagregado por tareas y tiempo estimado por un año
A5: Etapa | D5: Tarea | E5: Definición | F5: Tiempo
A7: Primera tarea
A8: Segunda tarea

Sheet Declaración jurada postulante
A1: 4. Declaración jurada del/la postulante
A3: 🖨 Imprimir, firmar y escanear el siguiente texto.
A5: ="El/la abajo firmante, postulante en el """ & nombre_completo_convocatoria & """ (" & nombre_convocatoria & ") declara conocer las bases de la convocatoria, las normas vigentes en el presente concurso y asume su compromiso con respecto a las responsabilidades legales que surgen de acuerdo a la mismas, dejando constancia de que conoce y acepta todas las obligacio"&"nes que impone la Ley 13.487 y Modificatorias, el Decreto Reglamentario 3939/06 y las bases del presente concurso. Declara asimismo que toda la información proporcionada en esta declaración jurada es veraz y precisa. " -> El/la abajo firmante, postulante en el "Concurso de Ingreso a la Carrera del Personal de Apoyo a La Investigación y Desarrollo Orientado a Centros CIC (convocatoria 2026 CENTROS)" (CICPA26 CENTROS) declara conocer las bases de la convocatoria, las normas vigentes en el presente concurso y asume su compromiso con respecto a las responsabilidades legales que surgen de acuerdo a la mismas, dejando constancia de que conoce y acepta todas las obligaciones que impone la Ley 13.487 y Modificatorias, el Decreto Reglamentario 3939/06 y las bases del presente concurso. Declara asimismo que toda la información proporcionada en esta declaración jurada es veraz y precisa.
A7: Declara también haber establecido domicilio electrónico en la dirección de correo electrónico aquí consignadas, a partir de la fecha de firma de la presente. Entiende y acepta que esta dirección de correo electrónico será utilizada como domicilio electrónico, de acuerdo con las disposiciones legales y reglamentarias aplicables. Asimismo, se compromete a mantener esta dirección de correo electrónico activa y a recibir y leer regularmente las notificaciones y comunicaciones que se envíen a esta dirección donde serán válidas todas las notificaciones que se produjeren desde la CIC.
A9: Declara también que en caso de ser adjudicado el ingreso a la Carrera del Personal de Apoyo en el marco de la presente convocatoria, se compromete a renunciar a cualquier tipo de cargo que resulte incompatible al momento de tomar posesión de la misma.
A11: Dirección de correo electrónico: | C11: =IF('Datos postulante'!C12<>"", 'Datos postulante'!C12, "")
A13: Postulante:
E16: =nombres_postulante & " " & apellidos_postulante -> Nombre Apellido
B17: Firma | E17: Aclaración
A20: Fecha: | B20: =TODAY() -> 46311

Sheet Declaración jurada dirección y 
A1: 5. Declaración jurada de director/a y lugar de trabajo
A3: 🖨 Completar, imprimir, firmar y escanear el siguiente texto.
A5: ="La/el abajo firmantes, en su carácter de director/a del postulante " & nombres_postulante & " " & apellidos_postulante & " en el concurso """ & nombre_completo_convocatoria & """ (" & nombre_convocatoria & ") declara conocer las bases de la convocatoria, las normas vigentes en el presente concurso y asume su compromiso con respecto a las responsabilidades legales que surgen de acuerdo a la mismas, dejando constancia de que conoce y acepta todas las obligacio"&"nes que imponen la Ley 13.487 y Modificatorias, el Decreto Reglamentario 3939/06 y las bases del presente concurso. Declaran asimismo que toda la información proporcionada en esta declaración jurada es veraz y precisa. Asimismo, da conformidad al plan de "&"trabajo y se compromete a dirigir su ejecución, en caso de salir adjudicado. " -> La/el abajo firmantes, en su carácter de director/a del postulante Nombre Apellido en el concurso "Concurso de Ingreso a la Carrera del Personal de Apoyo a La Investigación y Desarrollo Orientado a Centros CIC (convocatoria 2026 CENTROS)" (CICPA26 CENTROS) declara conocer las bases de la convocatoria, las normas vigentes en el presente concurso y asume su compromiso con respecto a las responsabilidades legales que surgen de acuerdo a la mismas, dejando constancia de que conoce y acepta todas las obligaciones que imponen la Ley 13.487 y Modificatorias, el Decreto Reglamentario 3939/06 y las bases del presente concurso. Declaran asimismo que toda la información proporcionada en esta declaración jurada es veraz y precisa. Asimismo, da conformidad al plan de trabajo y se compromete a dirigir su ejecución, en caso de salir adjudicado.
A7: Declara también haber establecido domicilio electrónico en la dirección de correo electrónico aquí consignadas, a partir de la fecha de firma de la presente. Entienden y aceptan que esta dirección de correo electrónico será utilizada como domicilio electrónico, de acuerdo con las disposiciones legales y reglamentarias aplicables. Asimismo, se comprometen a mantener esta dirección de correo electrónico activa y a recibir y leer regularmente las notificaciones y comunicaciones que se envíen a esta dirección donde serán válidas todas las notificaciones que se produjeren desde la CIC.
A9: Director/a:
A11: Dirección de correo electrónico: | C11: =IF('Datos de la postulación'!C29<>"", 'Datos de la postulación'!C29, "")
E13: =nombres_director & " " & apellidos_director -> Nombre Apellido
B14: Firma | E14: Aclaración
A17: ="El/la abajo firmante, en su carácter de autoridad del lugar de trabajo propuesto por el/la postulante " & nombres_postulante & " " & apellidos_postulante & " presta su conformidad para la realización del plan de trabajo propuesto en sus instalaciones. " -> El/la abajo firmante, en su carácter de autoridad del lugar de trabajo propuesto por el/la postulante Nombre Apellido presta su conformidad para la realización del plan de trabajo propuesto en sus instalaciones.
E19: =nombres_autoridad & " " & apellidos_autoridad
B20: Firma | E20: Aclaración
B21: =cargo_autoridad &"" | E21: =institucion_autoridad &""
B22: Cargo | E22: Institución
A24: Fecha: | B24: =TODAY() -> 46311

Sheet Datos internos
A1: Configuración de la convocatoria
A3: Email regexp: | B3: ="^[a-za-z0-9_.+-]+@[a-za-z0-9-]+\.[a-za-z0-9-.]+$" -> ^[a-za-z0-9_.+-]+@[a-za-z0-9-]+\.[a-za-z0-9-.]+$
A4: Texto completar | B4: ← completar
A5: Convocatoria: | B5: CICPA26 CENTROS
A6: Versión form: | B6: 1.0
A7: Nombre completo convocatoria: | B7: Concurso de Ingreso a la Carrera del Personal de Apoyo a La Investigación y Desarrollo Orientado a Centros CIC (convocatoria 2026 CENTROS)
A8: Presenta codirector/a? | B8: ='Datos de la postulación'!C32 <> "" -> FALSE
A10: Provincias | B10: Categorías
A12: Provincia de Buenos Aires | B12: Técnico
A13: Ciudad Autónoma de Buenos Aires | B13: Profesional
A14: Catamarca
A15: Chaco | B15: Comisiones asesoras
A16: Chubut
A17: Córdoba | B17: Ciencias Agrícolas, Producción y Salud Animal
A18: Corrientes | B18: Ciencias Biológicas y Salud
A19: Entre Ríos | B19: Ciencias Sociales y Humanas
A20: Formosa | B20: Física, Matemática, Química, Astronomía
A21: Jujuy | B21: Geología, Minería e Hidrología
A22: La Pampa | B22: Ingeniería, Arquitectura y Tecnología
A23: La Rioja | B23: TICs, Electrónica e Informática
A24: Mendoza | B24: Ciencias Ambientales y Territorio
A25: Misiones
A26: Neuquén | C26: Tipos de beneficiarios/as | D26: Investigador/a CIC | E26: Investigador asociado CIC (INAS) | F26: Investigador/a CONICET | G26: Investigador docente de universidad con asiento en PBA | H26: Doctores/as de otro régimen dentro de la comunidad científica | I26: Becario/a doctoral CIC | J26: Personal de apoyo CIC
A27: Río Negro | C27: Requiere subcategoría? | D27: =TRUE() -> TRUE | E27: =TRUE() -> TRUE | F27: =TRUE() -> TRUE | G27: =TRUE() -> TRUE | H27: =FALSE() -> FALSE | I27: =FALSE() -> FALSE | J27: =TRUE() -> TRUE
A28: Salta | C28: Requiere dedicación? | D28: =FALSE() -> FALSE | E28: =FALSE() -> FALSE | F28: =FALSE() -> FALSE | G28: =TRUE() -> TRUE | H28: =FALSE() -> FALSE | I28: =FALSE() -> FALSE | J28: =FALSE() -> FALSE
A29: San Juan | C29: Requiere categoría incentivos? | D29: =FALSE() -> FALSE | E29: =FALSE() -> FALSE | F29: =FALSE() -> FALSE | G29: =TRUE() -> TRUE | H29: =FALSE() -> FALSE | I29: =FALSE() -> FALSE | J29: =FALSE() -> FALSE
A30: San Luis | C30: Requiere indicar institución? | D30: =FALSE() -> FALSE | E30: =FALSE() -> FALSE | F30: =FALSE() -> FALSE | G30: =TRUE() -> TRUE | H30: =TRUE() -> TRUE | I30: =FALSE() -> FALSE | J30: =FALSE() -> FALSE
A31: Santa Cruz | B31: Tipos de beneficiario/as habilitados en esta convocatoria | C31: Habilitado en esta convocatoria? | D31: =TRUE() -> TRUE | E31: =TRUE() -> TRUE | F31: =TRUE() -> TRUE | G31: =TRUE() -> TRUE | H31: =TRUE() -> TRUE | I31: =FALSE() -> FALSE | J31: =FALSE() -> FALSE
A32: Santa Fe | B32: =IF(D$31, D$26, "") -> Investigador/a CIC | C32: Categorías: | D32: Asistente | E32: Asistente | F32: Asistente | G32: Profesor/a Titular | I32: 1er año | J32: Técnico auxiliar
A33: Santiago del Estero | B33: =IF(E$31, E$26, "") -> Investigador asociado CIC (INAS) | D33: Adjunto | E33: Adjunto | F33: Adjunto | G33: Profesor/a Asociado/a | I33: 2do año | J33: Técnico asistente
A34: Tierra del Fuego | B34: =IF(F$31, F$26, "") -> Investigador/a CONICET | D34: Independiente | E34: Independiente | F34: Independiente | G34: Profesor/a Adjunto/a | I34: 3er año | J34: Técnico asociado
A35: Tucumán | B35: =IF(G$31, G$26, "") -> Investigador docente de universidad con asiento en PBA | D35: Superior | E35: Superior | F35: Superior | G35: Jefe/a de Trabajos Prácticos | I35: 4to año | J35: Técnico principal
B36: =IF(H$31, H$26, "") -> Doctores/as de otro régimen dentro de la comunidad científica | D36: Principal | E36: Principal | F36: Principal | I36: 5to año | J36: Profesional asistente
B37: =IF(I$31, I$26, "") | J37: Profesional adjunto
B38: =IF(J$31, J$26, "") | J38: Profesional principal
A40: Dedicaciones universitarias
C41: Ejemplo de uso:
A42: Exclusiva | C42: Tipo: | D42: Investigador docente universidad asiento en PBA
A43: Semi exclusiva | C43: Cat: | D43: Jefe/a de Trabajos Prácticos
C44: Dedicación
C45: Categoría incentivos: | F45: Ver aquí para la lógica.
A46: Categorías programa incentivos | C46: Institución?
A47: I | C47: Requiere dedicación? | D47: =HLOOKUP(D$42, datos_requeridos_por_tipo_de_beneficiario, 2, FALSE()) -> #N/A
A48: II | C48: Requiere categoría? | D48: =HLOOKUP(D$42, datos_requeridos_por_tipo_de_beneficiario, 3, FALSE()) -> #N/A
A49: III | C49: Requiere indicar institución? | D49: =HLOOKUP(D$42, datos_requeridos_por_tipo_de_beneficiario, 4, FALSE()) -> #N/A
A50: IV | C50: Lista vacia
A51: V
A52: Sin categoría
A54: Géneros
A56: Femenino
A57: Masculino
A58: Otros
A60: Líneas temáticas
A62: Línea de Centro Propio
A63: Línea priorizada
A64: Línea abierta
A66: Centros propios CIC | B66: Líneas priorizadas | C66: Centros Multiples
A68: CEREN | B68: Salud | C68: CEDETS | D68: Salud | E68: lineas_priorizadas_salud
A69: LAL | B69: Industria y producción | C69: CETMIC | D69: Industria y producción | E69: lineas_priorizadas_industria_y_produccion
A70: LINTA | B70: Ambiente | C70: CGAMA | D70: Ambiente | E70: lineas_priorizadas_ambiente
A71: CPP | B71: Desarrollo de la comunidad | C71: CIDCA | D71: Desarrollo de la comunidad | E71: lineas_priorizadas_desarrollo_de_la_comunidad
A72: CEMECA | B72: Trabajo | C72: CIDEPINT | D72: Trabajo | E72: lineas_priorizadas_trabajo
A73: LEMIT | B73: Seguridad | C73: CIFICEN | D73: Seguridad | E73: lineas_priorizadas_seguridad
A74: CESGI | C74: CINDECA
C75: CIOP
A76: Líneas priorizadas salud | B76: Líneas priorizadas industria y producción | C76: CITEC
C77: CIVETAN
A78: Dengue y otros arbovirus. | B78: Transición energética. | C78: IAR
A79: Manejo integral de vectores. | B79: Ingenierías. | C79: IDIP
A80: Producción pública de medicamentos. | B80: Cadena de valor de Gas y Petróleo. | C80: IGCyC
A81: Consumo problemático de sustancias (toxicología, nuevas sustancias). | B81: Maquinaria agrícola y agricultura de precisión. | C81: IHLLA
A82: Producción de kits de diagnóstico (dengue, sarampión, zika, chikungunya, virus respiratorio). | B82: Industrias del conocimiento. | C82: IIEPP
A83: Salud animal. | B83: Inteligencia Artificial. | C83: IMBICE
A84: Enfermedades zoonóticas. | B84: Equipamiento médico. | C84: INREMI
B85: Alimentos. | C85: UPL
B86: Micropropagación vegetal y mejoramiento genético vegetal.
B87: Minería: tierras raras y agregado de valor.
A90: Líneas priorizadas ambiente | B90: Líneas priorizadas desarrollo de la comunidad
A92: Pampa Azul Bonaerense: Conservación y restauración de ecosistemas marinos | B92: Inversión social: Investigación comparada de la inversión social (Nación/Provincia).
A93: Pampa Azul Bonaerense: Ordenamiento ambiental del territorio | B93: Seguridad alimentaria: Impacto del repliegue del Estado Nacional en políticas públicas de seguridad alimentaria.
A94: Pampa Azul Bonaerense: Manejo de residuos y economía circular | B94: Seguridad alimentaria: Rol del SAE y MESA BONAERENSE en seguridad alimentaria.
A95: Pampa Azul Bonaerense: Adaptación al cambio climático | B95: Estrategias socioproductivas de sectores populares y el Estado.
A96: Pampa Azul Bonaerense: Monitoreo y gestión ambiental | B96: Sujeto, familia y comunidad en política social bonaerense.
A97: Pampa Azul Bonaerense: Participación ciudadana y educación ambiental | B97: Desafíos para la comunidad organizada del Siglo XXI.
A98: Conservación de la Biodiversidad | B98: Género: herramientas para el cierre de las brechas de género en el mundo del trabajo.
A99: Cambio Climático | B99: Nutrición infantil.
A100: Ordenamiento Ambiental del Territorio | B100: Reincidencia delictiva: Evaluación del impacto de las políticas públicas en ámbito postpenitenciario.
A101: Ecología industrial y descarbonización productiva: Metabolismo industrial y urbano
A102: Ecología industrial y descarbonización productiva: Simbiosis industrial | B102: Líneas priorizadas seguridad
A103: Ecología industrial y descarbonización productiva: Ecoparques industriales
A104: Ecología industrial y descarbonización productiva: Análisis de ciclo de vida | B104: Ciencias básicas aplicadas a la investigación forense.
A105: Ecología industrial y descarbonización productiva: Descarbonización industrial | B105: Desarrollo de tecnologías aplicadas a la seguridad.
A106: Capacidad de carga y receptividad ambiental de cuerpos receptores: Estudios sobre la capacidad de cuerpos de agua, suelos y territorios para absorber impactos urbanos e industriales | B106: Diagnóstico y evaluación de políticas públicas basados en evidencia.
A107: Gestión integral de residuos especiales y patogénicos: Caracterización | B107: Ciencia de datos, sistemas de información geográfica y análisis de información para la investigación del delito.
A108: Gestión integral de residuos especiales y patogénicos: Tratamiento | B108: Reducción de riesgo de desastres.
A109: Gestión integral de residuos especiales y patogénicos: Valorización como insumo de otros procesos
A110: Gestión integral de residuos especiales y patogénicos: Disposición final segura | B110: Líneas priorizadas trabajo
A111: Inteligencia artificial aplicada a la gestión ambiental: Desarrollo de líneas de investigación multicéntricas e interdisciplinarias para monitoreo, análisis, predicción y apoyo a la toma de decisiones
B112: Reconfiguración laboral mediante oficios digitales.
B113: Trabajo infantil e inserción laboral.
...

Sheet Interno
A1: Esta solapa no va al público, tiene instrucciones internas.
A3: En la primera solapa hay unas filas ocultas que tienen variables que son referenciadas en el resto del doc.
A4: Las celdas de ingreso de datos deben marcarse como desprotegidas (dentro de propiedades de la celda → cell protection).
A5: Luego se protege toda la solapa.
A6: La columna B, oculta, tiene los códigos para luego leer la data.
A8: Hay una solapa oculta llamada “Datos internos”, que tiene las listas de selección, etc. Para desocultarla se puede ir al navegador (View → Navigator) y accederla desde ahí.
A9: O botón derecho en otra solapa desprotegida y opción Show Sheet.
A11: Contraseña utilizada: Planilla2026
A14: Cálculo del “hash”
A16: Para cada solapa X se define un rango con el nombre “datos_solapa_X” que tiene a las celdas que tienen datos.
A17: Luego en la portada se contatenan y se calcula el “hash”.
A19: Codirector/a
... A22: Para las líneas de las firmas se usa un estilo condicional, basado en la misma variable.
